 Dungeon Crawl Stone Soup version 0.19.0-19-g8c6edcc (webtiles) character file.

2023 MaximumFunGaming the Cleaver (level 9, -9/78 HPs)
             Began as a Minotaur Berserker on Nov 13, 2016.
             Was an Elder of Trog.
             Mangled by an orc warrior
             ... wielding a +0 glaive
              (16 damage)
             ... on level 9 of the Dungeon.
             The game lasted 00:31:57 (3635 turns).

MaximumFunGaming the Cleaver (Minotaur Berserker)   Turns: 3635, Time: 00:31:57

Health: -9/78      AC: 10    Str: 26      XL:     9   Next: 3%
Magic:  17/17      EV: 10    Int:  4      God:    Trog [****..]
Gold:   284        SH:  0    Dex:  8 (9)  Spells: 0 memorised, 8 levels left

rFire  . . .     SeeInvis .     x - +6 great sword "Hotivu Murykh" {freeze, MP+9}
rCold  . . .     Gourm    .     q - +0 chain mail
rNeg   . . .     Faith    .     (shield currently unavailable)
rPois  .         Spirit   .     (helmet restricted)
rElec  .         Reflect  .     (no cloak)
rCorr  .         Harm     .     (no gloves)
MR     +++..                    (no boots)
Stlth  ..........               (no amulet)
                                h - ring of loudness (curse)
                                m - ring of protection from magic

@: regenerating
A: retaliatory headbutt, beak, horns 2, deterioration 1, no device heal 1
a: Berserk, Trog's Hand, Brothers in Arms, Burn Spellbooks, Renounce Religion


You were on level 9 of the Dungeon.
You worshipped Trog.
Trog was greatly pleased with you.
You were very hungry.

You visited 2 branches of the dungeon, and saw 10 of its levels.

You collected 284 gold pieces.

Inventory:

Hand Weapons
 a - a +0 hand axe
 x - the +6 great sword "Hotivu Murykh" (weapon) {freeze, MP+9}
   (You found it on level 8 of the Dungeon)

   It has been specially enchanted to freeze those struck by it, causing extra
   injury to most foes and up to half again as much damage against particularly
   susceptible opponents.
   It can also slow down cold-blooded creatures.
   It affects your magic capacity (+9).
Missiles
 i - 123 stones
 s - 10 tomahawks (quivered)
 v - 2 poisoned javelins
Armour
 b - a +0 animal skin
 n - a +0 ring mail
 q - a +0 chain mail (worn)
Jewellery
 c - an uncursed ring of magical power
 g - an uncursed ring of stealth
 h - a cursed ring of loudness (right hand)
 m - a ring of protection from magic (left hand)
 t - an uncursed ring of resist corrosion
Wands
 w - a wand of paralysis (15/24)
Scrolls
 e - a scroll of recharging
 f - 2 scrolls of amnesia
 r - a scroll of remove curse
 u - a scroll of enchant weapon {unknown}
Potions
 k - a potion of curing
 l - a potion of flight
 p - a potion of haste
Comestibles
 d - 3 meat rations
 j - a chunk of flesh
 o - a bread ration


   Skills:
 + Level 6.9 Fighting
 + Level 4.0 Long Blades
 + Level 9.3 Axes
 + Level 1.9 Throwing
 + Level 7.2 Armour
 + Level 4.1 Dodging
 + Level 0.8 Stealth


You had 8 spell levels left.
You didn't know any spells.

Dungeon Overview and Level Annotations

Branches:
Dungeon (9/15)             Temple (1/1) D:5
   Lair: D:8-11         Orc: D:9-12

Altars:
Cheibriados
Fedhas
Okawaru
Xom
Yredelemnul

Portals:
Ossuary: D:8

Annotations:
D:5 exclusions: upstairs and 2 more exclusions


Innate Abilities, Weirdness & Mutations

You reflexively headbutt those who attack you in melee.
You have a pair of horns on your head.
You have a beak for a mouth.
Your body sometimes deteriorates upon taking damage.
Potions and wands are less effective at restoring your health.


Message History

Your system partially rejects the healing.
You feel better.
You closely miss the orc warrior. You peck the orc warrior.
The orc warrior is moderately wounded.
The orc warrior hits you with a glaive!
* * * LOW HITPOINT WARNING * * *
The orc warrior barely misses you.
You riposte.
Your chain mail prevents you from hitting the orc warrior.
Your headbutt misses the orc warrior.
The orc warrior is moderately wounded.
Your skin crawls.
You feel resistant to hostile enchantments.
You are feeling very hungry.
You fail to use your ability.
The orc warrior barely misses you.
A black bear comes into view.
The black bear growls angrily.
You hit the orc warrior but do no damage.
The orc warrior is moderately wounded.
The orc warrior hits you with a glaive!
You die...

........ ....# ........
...# #######' ...#######
#....... #.........
#.......
#......(...#...##'#
#..........#.. #...
#.o........#. #...
.#####.@).......# #...
.........###....#. #...
.........#.#....#...#...
.....<...#.#....#...#...
.........h.'....#...####
+#########.#....#.......
...#....#.......
.....####.#.......
........ #.#.......


You could see an orc warrior and a black bear.

Vanquished Creatures
  Grinder (D:5)
  Eustachio (D:6)
  2 ice beasts
  3 ogres
  2 centaurs
  2 bullfrogs
  A gnoll sergeant (D:8)
  A scorpion (D:5)
  2 howler monkeys
  A crimson imp (D:5)
  A bullfrog zombie (D:5)
  2 centaur zombies (D:5)
  3 hounds
  A quasit (D:9)
  A centaur skeleton (D:5)
  2 orc priests
  A worker ant (D:6)
  3 orc wizards
  A killer bee zombie (D:5)
  A hound zombie (D:5)
  2 hound skeletons (D:5)
  A worker ant zombie (D:5)
  2 howler monkey zombies (D:5)
  5 gnolls (D:8)
  5 adders
  2 shadow imps
  An ooze (D:1)
  2 adder zombies
  4 adder skeletons
  A worm (D:6)
  4 dart slugs (D:1)
  3 leopard geckos
  13 orcs
  3 giant cockroaches
  5 goblins
  5 hobgoblins
  7 kobolds
  5 quokkas
  A ball python (D:1)
  3 bats
  3 frilled lizards
  A giant cockroach zombie (D:5)
  A jackal skeleton (D:5)
  A leopard gecko skeleton (D:5)
  A leopard gecko zombie (D:5)
  5 rats
  A withered plant (D:5)
119 creatures vanquished.

Notes
Turn   | Place    | Note
-------+----------+-------------------------------------------
     0 | D:1      | MaximumFunGaming the Minotaur Berserker began the quest for the Orb.
     0 | D:1      | Reached XP level 1. HP: 19/19 MP: 0/0
   352 | D:1      | Reached XP level 2. HP: 27/27 MP: 1/1
   461 | D:1      | Reached skill level 4 in Axes
   880 | D:1      | Reached XP level 3. HP: 28/34 MP: 2/2
  1097 | D:1      | Reached ** piety under Trog
  1704 | D:4      | Noticed an ogre
  1710 | D:4      | Killed an ogre
  1710 | D:4      | Reached skill level 5 in Axes
  1710 | D:4      | Reached XP level 4. HP: 41/41 MP: 3/3
  1710 | D:4      | Reached XP level 5. HP: 47/47 MP: 4/4
  1742 | D:4      | Noticed an ogre
  1777 | D:4      | Killed an ogre
  1777 | D:4      | Reached skill level 5 in Fighting
  1784 | D:4      | Reached skill level 6 in Axes
  1784 | D:4      | Reached XP level 6. HP: 15/56 MP: 5/5
  2055 | D:5      | Entered Level 5 of the Dungeon
  2061 | D:5      | Reached skill level 1 in Throwing
  2215 | D:5      | Noticed an ice beast
  2226 | D:5      | Killed an ice beast
  2226 | D:5      | Reached skill level 7 in Axes
  2231 | D:5      | Reached XP level 7. HP: 61/61 MP: 6/6
  2236 | D:5      | Reached *** piety under Trog
  2248 | D:5      | Noticed Grinder
  2323 | D:5      | HP: 3/61 [poisoned by a scorpion]
  2390 | D:5      | Reached skill level 5 in Armour
  2418 | D:5      | Found a staircase to the Ecumenical Temple.
  2424 | Temple   | Entered the Ecumenical Temple
  2576 | D:5      | Reached skill level 8 in Axes
  2578 | D:5      | Killed Grinder
  2578 | D:5      | Reached XP level 8. HP: 70/70 MP: 7/7
  2688 | D:6      | Noticed Eustachio
  2704 | D:6      | Killed Eustachio
  2778 | D:6      | Reached skill level 9 in Axes
  3084 | D:8      | Found a shimmering altar of Xom.
  3156 | D:8      | Found an iron altar of Okawaru.
  3161 | D:8      | Got an encrusted great sword
  3162 | D:8      | Identified the +6 great sword "Hotivu Murykh" {freeze, MP+9} (You found it on level 8 of the Dungeon)
  3189 | D:8      | Reached skill level 1 in Long Blades
  3205 | D:8      | Found a sand-covered staircase.
  3520 | D:8      | Gained mutation: You have a beak for a mouth. [potion of mutation]
  3520 | D:8      | Gained mutation: Potions and wands are less effective at restoring your health. [potion of mutation]
  3520 | D:8      | Gained mutation: Your body sometimes deteriorates upon taking damage. [potion of mutation]
  3589 | D:9      | Reached **** piety under Trog
  3613 | D:9      | Reached XP level 9. HP: 77/78 MP: 8/8
  3632 | D:9      | HP: 2/78 [orc warrior/glaive (10)]
  3635 | D:9      | Mangled by an orc warrior

Skill      XL: |  1  2  3  4  5  6  7  8  9 |
---------------+----------------------------+-----
Fighting       | 4 5 6 |  6.9
Axes           | 4 5 6 7 8 9 |  9.3
Dodging        | 3 4 |  4.1
Armour         | 3 4 5 7 |  7.2
Throwing       | 1 |  1.9
Long Blades    | 3 4 |  4.0
Stealth        | |  0.8

Action                   |  1- 3 |  4- 6 |  7- 9 || total
-------------------------+-------+-------+-------++-------
Melee: Hand axe          |    78 |   122 |   112 ||   312
       Headbutt          |    11 |    31 |    24 ||    66
       Great sword       |       |       |    36 ||    36
       Peck              |       |       |     4 ||     4
Throw: Stone             |    10 |       |       ||    10
       Tomahawk          |     2 |       |    11 ||    13
Invok: Berserk           |     2 |     2 |     3 ||     7
       Trog's Hand       |       |     1 |     4 ||     5
  Use: Scroll            |     7 |     1 |     2 ||    10
       Potion            |     1 |     1 |     4 ||     6
 Stab: Sleeping          |     2 |       |       ||     2
  Eat: Chunk             |     3 |     3 |       ||     6
       Fruit             |       |     2 |       ||     2
       Meat ration       |       |     1 |       ||     1
       Bread ration      |       |     1 |       ||     1
Armor: Animal skin       |     4 |       |       ||     4
       Chain mail        |    11 |    55 |    93 ||   159
       Ring mail         |     2 |       |       ||     2
Dodge: Dodged            |    47 |    41 |    92 ||   180
       Rpst.: Great sword |       |       |     9 ||     9
